 Dungeon Crawl Stone Soup version 0.23.2-40-g277498a001 (webtiles) character file.

Game seed: 8966353141195555253

210 Descartes the Sneak (level 5, 0/25 HPs)
             Began as a Vine Stalker Enchanter on Oct 12, 2019.
             Slain by an ice beast (8 damage)
             ... on level 3 of the Dungeon.
             The game lasted 00:09:46 (4207 turns).

Descartes the Sneak (Vine Stalker Enchanter)        Turns: 4207, Time: 00:09:46

Health: 0/25       AC:  2    Str: 11    XL:     5   Next: 87%
Magic:  0/10       EV: 11    Int: 16    God:
Gold:   127        SH:  3    Dex: 14    Spells: 5/9 levels left

rFire    . . .     SeeInvis .   a - +1 dagger
rCold    . . .     Gourm    .   l - +0 buckler
rNeg     . . .     Faith    .   b - +0 robe
rPois    .         Spirit   +   (no helmet)
rElec    .         Reflect  .   (no cloak)
rCorr    .         Harm     .   (no gloves)
MR       .....                  (no boots)
Stlth    ++........             (no amulet)
HPRegen  0.48/turn              (no ring)
MPRegen  0.12/turn              (no ring)

@: drained
A: fangs 2, regeneration 1, magic shield, antimagic bite, no potion heal 3, rot
immunity
a: no special abilities


You were on level 3 of the Dungeon.
You were hungry.

You visited 1 branch of the dungeon, and saw 3 of its levels.

You collected 127 gold pieces.

Inventory:

Hand Weapons
 a - a +1 dagger (weapon)
 d - a +4 hand axe of pain
Missiles
 g - 13 poisoned needles
 h - 118 stones (quivered)
 o - 22 arrows
 p - 10 tomahawks
Armour
 b - a +0 robe (worn)
 l - a +0 buckler (worn)
Wands
 s - a wand of disintegration (14)
Scrolls
 c - 3 scrolls of teleportation
 e - 4 scrolls of blinking
 i - a scroll of noise {unknown}
 j - a scroll of identify {unknown}
 m - a scroll of remove curse
Potions
 k - 2 potions of curing {unknown}
 n - a potion of degeneration {unknown}
 r - a potion of might {unknown}
Comestibles
 f - 2 rations
 q - 4 chunks of flesh


   Skills:
 + Level 1.3(0.7) Fighting
 + Level 1.6(1.1) Short Blades
 + Level 1.0(0.5) Armour
 + Level 2.1(1.5) Dodging
 + Level 4.1(3.5) Stealth
 * Level 1.1(0.6) Shields
 * Level 1.9(1.3) Unarmed Combat
 + Level 2.9(2.3) Spellcasting
 + Level 0.9(0.3) Conjurations
 + Level 3.4(2.8) Hexes


You had 5 spell levels left.
You knew the following spells:

 Your Spells              Type           Power        Failure   Level  Hunger
a - Corona                Hex            ##.....      10%         1    #......
b - Dazzling Spray        Conj/Hex       #.....       43%         3    ###....

Your spell library contained the following spells:

 Spells                   Type           Power        Failure   Level  Hunger
 Ensorcelled Hibernation  Hex/Ice        #.....       26%         2    ###....
 Confuse                  Hex            ##......     28%         3    ###....
 Tukima's Dance           Hex            ##......     28%         3    ###....


Dungeon Overview and Level Annotations

Branches:
Dungeon (3/15)

Altars:


Innate Abilities, Weirdness & Mutations

You have extremely sharp teeth.
Your natural rate of healing is unusually fast.
When hurt, damage is shared between your health and your magic reserves.
Your bite disrupts and absorbs the magic of your enemies.
Potions cannot restore your health.
You are immune to rotting.


Message History

You hit the ice beast but do no damage.
The ice beast is heavily wounded.
The ice beast closely misses you.
You hit the ice beast but do no damage.
The ice beast is heavily wounded.
The ice beast closely misses you.
You barely miss the ice beast.
The ice beast is heavily wounded.
You are feeling hungry.
The ice beast misses you.
You hit the ice beast but do no damage.
You bite the ice beast, but do no damage.
The ice beast is heavily wounded.
The ice beast hits you. The ice beast freezes you!
You hit the ice beast but do no damage. Your bite misses the ice beast.
The ice beast is heavily wounded.
You barely miss the ice beast.
The ice beast is heavily wounded.
The ice beast hits you. The ice beast freezes you!
You die...

########## #........#
#.######.# #.# #.#
#.######.#
#.#......##########
#.#...............#
#.###############.###
#....@Y...... #.).#
############# ###.#
############# #.#
#.#.#...#.#.# #.#
##.#..#..#.## #.#
#.#..###..#.# #.# ###
##..##.##..## ######.# ..#
#..##...##..### #......#
).#
#...))...##...######.######


You could see an ice beast.

Vanquished Creatures
  An orc priest (D:2)
  An adder (D:3)
  4 gnolls
  An ooze (D:3)
  5 worms
  4 dart slugs
  2 leopard geckos
  7 orcs (D:3)
  5 bats
  A giant cockroach (D:1)
  10 goblins
  13 hobgoblins
  10 jackals
  2 quokkas
  A ball python (D:2)
  7 frilled lizards
  A jackal skeleton (D:3)
  9 kobolds
  10 rats
94 creatures vanquished.

Notes
Turn   | Place    | Note
-------+----------+-------------------------------------------
     0 | D:1      | Descartes the Vine Stalker Enchanter began the quest for
                  | the Orb.
     0 | D:1      | Reached XP level 1. HP: 9/9 MP: 4/4
   156 | D:1      | Reached skill level 1 in Short Blades
   186 | D:1      | Reached XP level 2. HP: 12/13 MP: 6/6
   862 | D:1      | Reached XP level 3. HP: 17/17 MP: 7/7
  1045 | D:1      | Reached skill level 1 in Unarmed Combat
  2182 | D:2      | Learned a level 3 spell: Dazzling Spray
  2543 | D:2      | Gained mutation: Your natural rate of healing is unusually
                  | fast. [Vine Stalker growth]
  2543 | D:2      | Reached XP level 4. HP: 13/21 MP: 5/8
  2912 | D:2      | Reached skill level 4 in Stealth
  2956 | D:3      | Reached skill level 1 in Fighting
  3219 | D:3      | Reached XP level 5. HP: 22/25 MP: 10/10
  3509 | D:3      | Reached skill level 1 in Shields
  3914 | D:3      | Reached skill level 1 in Armour
  4191 | D:3      | Noticed an ice beast
  4207 | D:3      | Slain by an ice beast

Skill      XL: |  1  2  3  4  5 |
---------------+----------------+-----
Short Blades   | 1 |  1.6
Unarmed Combat | 1 |  1.9
Stealth        | 4 |  4.1
Fighting       | 1 |  1.3
Dodging        | 2 |  2.1
Shields        | 1 |  1.1
Armour         | 1 |  1.0
Spellcasting   | |  2.9
Conjurations   | |  0.9
Hexes          | |  3.4

Action                   |  1- 3 |  4- 6 || total
-------------------------+-------+-------++-------
Melee: Dagger            |   155 |   238 ||   393
       Bite              |    33 |    60 ||    93
  Use: Scroll            |       |     3 ||     3
 Stab: Sleeping          |    11 |     9 ||    20
       Distracted        |       |     1 ||     1
  Eat: Chunk             |     2 |     5 ||     7
       Ration            |     1 |       ||     1
Armor: Robe              |    29 |    24 ||    53
Dodge: Dodged            |   116 |    97 ||   213
Block: Buckler           |       |    32 ||    32
